 Dungeon Crawl Stone Soup version 0.18.1-47-g9310371 (webtiles) character file.

1521 modernzombie the Shield-Bearer (level 8, 0/73 HPs)
             Began as a Deep Dwarf Fighter on June 20, 2016.
             Slain by a troll (6 damage)
             ... led by the fury of Okawaru
             ... on level 6 of the Dungeon.
             The game lasted 01:02:25 (4230 turns).

modernzombie the Shield-Bearer (Deep Dwarf Fighter) Turns: 4230, Time: 01:02:26

Health: 0/73       AC: 17    Str: 22    XL:     8   Next: 54%
Magic:  8/8        EV:  8    Int: 12    God:    Xom [....*.]
Gold:   216        SH: 11    Dex: 12    Spells: 0 memorised, 7 levels left

rFire  . . .     SeeInvis .     a - +2 war axe
rCold  . . .     Gourm    .     u - +0 chain mail
rNeg   . . .     Faith    .     c - +0 shield
rPois  .         Spirit   .     (no helmet)
rElec  .         Dismiss  .     x - +0 cloak
rCorr  .         Reflect  .     s - +0 pair of gloves
SustAt .         Harm     .     (no boots)
MR     +....                    (no amulet)
Stlth  ..........               o - +5 ring of protection
                                i - +3 ring of intelligence

@: non-regenerating, somewhat resistant to hostile enchantments, extremely
unstealthy
A: damage resistance, recharge devices, sense surroundings 1, slow regeneration
3
a: Device Recharging, Renounce Religion


You were on level 6 of the Dungeon.
You worshipped Xom.
You were a beloved toy of Xom.
You were full.

You visited 2 branches of the dungeon, and saw 7 of its levels.

You collected 276 gold pieces.
You spent 60 gold pieces at shops.

Inventory:

Hand Weapons
 a - a +2 war axe (weapon)
 t - a cursed -2 blowgun
 y - a +0 shortbow
Missiles
 j - 18 poisoned needles
 l - 22 arrows
 m - 4 throwing nets
 n - 7 tomahawks (quivered)
Armour
 c - a +0 shield (worn)
 s - a +0 pair of gloves (worn)
 u - a +0 chain mail (worn)
 x - a +0 cloak (worn)
Jewellery
 i - a +3 ring of intelligence (left hand)
 k - a +5 ring of protection
 o - a +5 ring of protection (right hand)
 q - the amulet "Isenk" {Spirit *Confuse rF+ rN++ MR+}
   (You found it on level 4 of the Dungeon)

   [amulet of guardian spirit]

   It causes incoming damage to be split between your health and magic.
   It protects you from fire.
   It greatly protects you from negative energy.
   It affects your resistance to hostile enchantments.
   It may confuse you when you take damage.
 z - an uncursed ring of see invisible {unknown}
Wands
 b - a wand of slowing (32/48)
 e - a wand of heal wounds (0/9)
 h - a wand of acid (4/15)
 p - a wand of polymorph (11/24)
Scrolls
 g - 4 scrolls of remove curse
Potions
 d - 2 potions of agility {unknown}
 r - a potion of cancellation {unknown}
Books
 w - a book of Changes

   Spells                             Type                      Level
   a - Beastly Appendage              Transmutation                1
   b - Sticks to Snakes               Transmutation                2
   c - Spider Form                    Transmutation/Poison         3
   d - Ice Form                       Ice/Transmutation            4
   e - Blade Hands                    Transmutation                5
Comestibles
 f - 2 bread rations


   Skills:
 + Level 4.6 Fighting
 + Level 5.5 Axes
 + Level 6.2 Armour
 + Level 3.7 Dodging
 + Level 1.0 Stealth
 + Level 7.3 Shields
 + Level 0.6 Evocations


You had 7 spell levels left.
You didn't know any spells.

Dungeon Overview and Level Annotations

Branches:
Dungeon (6/15)             Temple (1/1) D:6

Altars:
Cheibriados
Dithmenos
Elyvilon
Gozag
Nemelex Xobeh
Okawaru
Pakellas
Qazlal
Ru
Sif Muna
Vehumet
Xom
Zin
The Shining One

Shops:
D:3 *   D:4 *


Innate Abilities, Weirdness & Mutations

You are resistant to damage.
You can recharge devices by infusing magical energy.
You passively map a small area around you.
You do not regenerate naturally.


Message History

You hit the orc knight but do no damage.
The orc knight is almost dead.
The orc knight roars a battlecry!
The orcs go into a battle-frenzy!
You block the orc knight's attack.
The orc sorcerer gestures wildly while chanting.
A giant cockroach zombie comes into view.
You hit the orc knight.
You kill the orc knight!
That felt strangely unrewarding.
You closely miss the troll.
The troll is moderately wounded.
The troll bites you but does no damage. You block the troll's attack.
The troll barely misses you.
The orc sorcerer casts a spell.
You barely miss the troll.
The troll is moderately wounded.
The troll bites you!
You die...
Xom is highly amused!

* #####..##.##........
#### #.##..#*#.####...#..
....#* ##....#*
#.###...###. #....#
##.##..####......## ##
#.....##..###..##.......#
# * *#...## ##.....♣.♣..#
# *,* #.o### ##.#...>...#
##..o3#####.#..♣.♣..# ,
#..4oCoT@...##.....##
,.......Z################
* ,....o...# ......o..# *
#.$..o.... ##...C.....# *
#.......... * **
#........., , , .... ,


You could see a hill giant, a sun demon, a troll, an orc sorcerer, a red devil,
an orc warrior, 2 orcs and a giant cockroach zombie.

Vanquished Creatures
  An orc knight (D:6)
  The ghost of trantor the Conjurer, a novice HEIE (D:5)
  The ghost of LinoAlbertino the Shield-Bearer, an amateur MiFi of Ashenzari (D:4)
  A phantom (D:5)
  An ice beast (D:5)
  An ogre (D:4)
  The ghost of vandaahl the Digger, an amateur GrEE (D:3)
  A giant frog (D:6)
  A scorpion (D:6)
  A howler monkey (D:4)
  A quasit (D:5)
  A giant frog zombie (D:5)
  A hound (D:5)
  2 orc wizards
  A gnoll shaman (D:5)
  2 worker ants
  A worker ant zombie (D:5)
  Robin (D:2)
  4 gnolls (D:5)
  5 adders
  2 oozes
  An adder skeleton (D:5)
  A worm (D:4)
  11 dart slugs
  6 giant geckos
  11 orcs
  6 ball pythons
  9 giant cockroaches
  14 goblins
  12 hobgoblins
  8 jackals
  8 kobolds
  2 bats (D:2)
  3 giant newts
  8 rats
  A plant (D:3)
132 creatures vanquished.

Vanquished Creatures (others)
  5 plants (D:3)
5 creatures vanquished.

Grand Total: 137 creatures vanquished

Notes
Turn   | Place    | Note
--------------------------------------------------------------
     0 | D:1      | modernzombie the Deep Dwarf Fighter began the quest for the Orb.
     0 | D:1      | Reached XP level 1. HP: 20/20 MP: 1/1
   469 | D:1      | Reached XP level 2. HP: 25/27 MP: 2/2
   872 | D:2      | Noticed Robin
   899 | D:2      | HP: 1/27 [goblin[Robin] (4)]
   906 | D:2      | Reached XP level 3. HP: 25/33 MP: 3/3
   929 | D:2      | Killed Robin
   929 | D:2      | Reached skill level 1 in Dodging
  1317 | D:2      | Reached XP level 4. HP: 21/42 MP: 4/4
  1811 | D:3      | Reached skill level 4 in Shields
  1895 | D:3      | Noticed vandaahl's ghost (amateur GrEE)
  1915 | D:3      | Killed vandaahl's ghost
  1915 | D:3      | Reached XP level 5. HP: 20/49 MP: 5/5
  1974 | D:3      | Found Zin's Purification Station.
  1979 | D:3      | Found a glowing silver altar of Zin.
  2164 | D:3      | Found a faded altar to an unknown god.
  2182 | D:3      | Became a worshipper of Warmaster Okawaru
  2182 | D:3      | Reached * piety under Okawaru
  2239 | D:3      | Found an opulent altar of Gozag.
  2622 | D:4      | Noticed LinoAlbertino's ghost (amateur MiFi)
  2638 | D:4      | Killed LinoAlbertino's ghost
  2638 | D:4      | Reached skill level 5 in Armour
  2638 | D:4      | Reached skill level 1 in Stealth
  2638 | D:4      | Reached skill level 5 in Shields
  2638 | D:4      | Reached XP level 6. HP: 41/56 MP: 6/6
  2642 | D:4      | Got a clouded bone amulet
  2770 | D:4      | Reached XP level 7. HP: 44/62 MP: 7/7
  2826 | D:4      | Reached ** piety under Okawaru
  2875 | D:4      | Found Bauw's General Store.
  2886 | D:4      | Bought a scroll of remove curse for 30 gold pieces
  2886 | D:4      | Bought a scroll of remove curse for 30 gold pieces
  2905 | D:4      | Identified the amulet "Isenk" {Spirit *Confuse rF+ rN++ MR+} (You found it on level 4 of the Dungeon)
  3286 | D:5      | Entered Level 5 of the Dungeon
  3290 | D:5      | Noticed trantor's ghost (novice HEIE)
  3531 | D:5      | Reached skill level 6 in Shields
  3584 | D:5      | Reached XP level 8. HP: 44/72 MP: 8/8
  3598 | D:5      | Found a stormy altar of Qazlal.
  3640 | D:5      | HP: 3/72 [trantor's ghost/Freeze (16)]
  3649 | D:5      | Killed trantor's ghost
  3649 | D:5      | Reached *** piety under Okawaru
  3649 | D:5      | Reached skill level 5 in Axes
  3649 | D:5      | Reached skill level 7 in Shields
  3689 | D:5      | Found a sacrificial altar of Ru.
  3744 | D:5      | Found a shimmering altar of Xom.
  3746 | D:5      | Found a snail-covered altar of Cheibriados.
  3746 | D:5      | Found a glowing golden altar of the Shining One.
  3752 | D:5      | Fell from the grace of Okawaru
  3752 | D:5      | Became a worshipper of Xom the Psychotic
  3895 | D:6      | Found a deep blue altar of Sif Muna.
  3900 | D:6      | XOM: harmless Trmt miscast
  4009 | D:6      | Found a staircase to the Ecumenical Temple.
  4019 | Temple   | Entered the Ecumenical Temple
  4111 | D:6      | Noticed an orc knight
  4111 | D:6      | Noticed an orc sorcerer
  4111 | D:6      | Noticed a troll
  4111 | D:6      | Noticed a hill giant
  4111 | D:6      | XOM: 4-stop teleportation journey
  4155 | D:6      | Found a stormy altar of Qazlal.
  4207 | D:6      | Noticed a hellwing
  4207 | D:6      | Noticed an orange demon
  4214 | D:6      | XOM: fake destruction
  4218 | D:6      | Noticed a sun demon
  4228 | D:6      | Noticed a red devil
  4228 | D:6      | Killed an orc knight
  4230 | D:6      | Slain by a troll

Skill      XL: |  1  2  3  4  5  6  7  8 |
---------------+-------------------------+-----
Dodging        | 1 2 3 |  3.7
Armour         | 4 5 6 |  6.2
Fighting       | 3 4 |  4.6
Shields        | 4 5 6 7 |  7.3
Axes           | 3 4 5 |  5.5
Stealth        | 1 |  1.0
Evocations     | |  0.6

Action                   |  1- 3 |  4- 6 |  7- 9 || total
-------------------------+-------+-------+-------++-------
Melee: War axe           |   125 |   208 |   205 ||   538
Throw: Throwing net      |     1 |       |       ||     1
       Tomahawk          |       |       |     1 ||     1
Evoke: Wand              |     1 |     1 |     9 ||    11
  Use: Potion            |     1 |     6 |     7 ||    14
       Scroll            |       |     7 |     3 ||    10
 Stab: Sleeping          |       |       |     1 ||     1
  Eat: Pizza             |     1 |       |       ||     1
       Beef jerky        |     1 |       |     1 ||     2
       Bread ration      |       |     2 |     1 ||     3
Armor: Scale mail        |    43 |       |       ||    43
       Chain mail        |    14 |    94 |   140 ||   248
Dodge: Dodged            |    35 |    44 |    64 ||   143
Block: Shield            |    78 |   101 |   145 ||   324
